 Dungeon Crawl Stone Soup version 0.32-a0-18-g89e19f1974 (webtiles) character file.

Game seed: 13783027000944765907

62 Sweetruy1997 the Magician (level 3, -4/16 HPs)
             Began as a Spriggan Earth Elementalist on Jan 16, 2024.
             Slain by a goblin
             ... wielding a +3 dagger
             ... led by Robin
              (6 damage)
             ... on level 2 of the Dungeon.
             The game lasted 00:05:04 (1985 turns).

Sweetruy1997 the Magician (SpEE)                    Turns: 1985, Time: 00:05:04

Health: -4/16      AC:  2    Str:  6    XL:     3   Next: 85%
Magic:  0/9        EV: 17    Int: 16    God:
Gold:   154        SH:  0    Dex: 15    Spells: 2/9 levels left

rFire   . . .        i - +0 dagger
rCold   . . .        (no shield)
rNeg    . . .        a - +0 robe
rPois   .            (helmet restricted)
rElec   .            (no cloak)
rCorr   .            (gloves unavailable)
SInv    +            (boots unavailable)
Will    .....        (no amulet)
Stlth   ++           (no ring)
HPRegen 0.22/turn    (no ring)
MPRegen 0.11/turn

%: no passive effects
@: mighty, very quick
A: very small, no large weapons, unfitting armour, see invisible, speed 3
a: no special abilities


You were on level 2 of the Dungeon.
You visited 1 branch of the dungeon, and saw 2 of its levels.

You collected 154 gold pieces.

Inventory:

Hand Weapons
 i - a +0 dagger (weapon)
Missiles
 d - 13 stones
 j - 3 boomerangs
Armour
 a - a +0 robe (worn)
Jewellery
 k - a +6 ring of intelligence
Scrolls
 c - a scroll of fog
 f - a scroll of teleportation {unknown}
 h - a scroll of identify {unknown}
Potions
 b - a potion of magic
 g - a potion of heal wounds {unknown}


   Skills:
 + Level 2.6 Dodging
 + Level 3.4 Stealth
 + Level 3.8 Spellcasting
 + Level 0.6 Conjurations
 + Level 3.7 Earth Magic


You had 2 spell levels left.
You knew the following spells:

 Your Spells              Type           Power      Damage    Failure   Level
a - Sandblast             Erth           30%        2d9       3%          1
b - Stone Arrow           Conj/Erth      20%        3d8       22%         3
c - Passwall              Erth           15%        N/A       11%         3

Your spell library contained the following spells:

 Spells                   Type           Power      Damage    Failure   Level
 Brom's Barrelling Bould  Conj/Erth      10%        2d3       56%         4
 Petrify                  Alch/Erth      9%         N/A       63%         4


Dungeon Overview and Level Annotations

Branches:
Dungeon (2/15)

Altars:

Shops:
D:1 =

Annotations:
D:2 Robin


Innate Abilities, Weirdness & Mutations

You are very small and have problems with some larger weapons.
You are too small for most types of armour.
You have supernaturally acute eyesight. (SInv)
You cover ground extremely quickly. (Speed+++)


Message History

A goblin comes into view. It is wielding a +3 dagger.
A hobgoblin comes into view.
The jackal misses you.
The jackal moves out of view.
The blast of sand hits the jackal.
You kill the jackal!
Robin throws the goblin at you!
A goblin comes into view. It is wielding a +0 club.
The goblin closely misses you. The rat misses you.
The goblin moves out of view.
You closely miss the goblin. The rat misses you.
Robin's horned helmet rattles.
The goblin misses you.
An endoplasm comes into view.
You closely miss the goblin. The goblin misses you. The rat bites you.
As you read the scroll labelled QYCORO ZEMELAU, it dissolves into smoke.
It was a scroll of fog.
The goblin hits you but does no damage. The rat bites you but does no damage.
You barely miss the goblin. The rat barely misses you.
The goblin closely misses you.
You miss the goblin. The goblin barely misses you. The rat bites you.
You hit the goblin.
The goblin is moderately wounded.
The goblin hits you with a +3 dagger. The rat bites you but does no damage.
You hit the goblin.
The goblin is severely wounded.
The rat completely misses you. The goblin hits you with a +3 dagger.
You are too injured to fight recklessly!
Casting: Sandblast (safe; 3% risk of failure)
Confirm with . or Enter, or press ? or * to list all spells.
Aiming: Sandblast (safe; 3% risk of failure)
Press: ? - help, Shift-Dir - straight line, f - rat
Aim: a rat (black smoke, 82% to hit)
The blast of sand hits the rat!
You kill the rat!
The goblin hits you with a +3 dagger.
* * * LOW HITPOINT WARNING * * *
It was a potion of might.
You feel very mighty all of a sudden. The goblin hits you with a +3 dagger.
You die...

#........##.#
#........##.#
#........##.#
#.......# #.#
#.......# #.#
#.......# #.######
####.#.## #.......
...#######.#.#
#.######
..hgg§g@g§.#.# #.#
..[#########.# #.#
#.####.# #......#
####
######.....####...
.............##.##
...÷......[#......
######..........#.
#.....###.#.#


You could see a hobgoblin (strong) and a goblin (strong).

Vanquished Creatures
  An adder (D:2)
  2 ribbon worms (D:2)
  A ball python (D:2)
  3 bats (D:1)
  2 endoplasms
  A giant cockroach (D:1)
  12 goblins
  5 hobgoblins
  3 jackals
  A kobold (D:1)
  A quokka (D:2)
  6 frilled lizards
  5 rats
43 creatures vanquished.

Notes
Turn   | Place    | Note
-------+----------+-------------------------------------------
     0 | D:1      | Sweetruy1997 the Spriggan Earth Elementalist began the
                  | quest for the Orb.
     0 | D:1      | Reached XP level 1. HP: 9/9 MP: 5/5
    43 | D:1      | Found Qius's Jewellery Boutique.
   263 | D:1      | Reached XP level 2. HP: 13/13 MP: 5/7
  1282 | D:2      | Reached XP level 3. HP: 16/16 MP: 5/9
  1286 | D:2      | Learned a level 3 spell: Stone Arrow
  1290 | D:2      | Learned a level 3 spell: Passwall
  1969 | D:2      | Noticed Robin
  1985 | D:2      | Slain by a goblin

Illustrated notes

Levels and vault maps discovered:
D:1:      dpeg_arrival_boxorama, layout_basic, serial_shops,
          nicolae_shop_gaudy_bauble, chequers_serial_rivers_small_b,
          wander_ebering_terrifying_dragon_lair
D:2:      layout_loops_ring, grunt_ministairs_13, uniq_robin

Skill      XL: |  1 |
---------------+----+-----
Spellcasting   | 3 |  3.8
Earth Magic    | 3 |  3.7
Dodging        | |  2.6
Stealth        | |  3.4
Conjurations   | |  0.6

Action                     || total
---------------------------++-------
  Melee: Unarmed           ||     2
         Punch             ||     1
         Dagger            ||     6
   Cast: Sandblast         ||    52
         Stone Arrow       ||     1
    Use: Scroll            ||     1
         Potion            ||     1
 Armour: Robe              ||    17
  Dodge: Dodged            ||    22

Table legend: (Time is in decaauts)
 A = Elapsed time spent in this place.
 B = Non-inter-level travel time spent in this place.
 C = Inter-level travel time spent in this place.
 D = Time resting spent in this place.
 E = Time spent auto-exploring this place.
 F = Levels seen in this place.
 G = Mean time per level.
                   A        B        C        D        E       F      G
               +--------+--------+--------+--------+--------+-----+--------+
         Total |   1414 |   1291 |    123 |      0 |   1102 |   2 |  707.0 |
       Dungeon |   1414 |   1291 |    123 |      0 |   1102 |   2 |  707.0 |
               +--------+--------+--------+--------+--------+-----+--------+

Top non-repeatable levels by time:
     D:1: 957 daAuts
     D:2: 456 daAuts
